 Dungeon Crawl Stone Soup version 0.17.1-3-g152610e (webtiles) character file.

518 Gargoyl the Covered (level 7, -1/55 HPs)
             Began as a Demonspawn Abyssal Knight on Mar 22, 2016.
             Was a Priest of Lugonu.
             Killed from afar by Dowan (8 damage)
             ... with a stone arrow
             ... on level 4 of the Dungeon.
             The game lasted 00:08:15 (4357 turns).

Gargoyl the Covered (Demonspawn Abyssal Knight)     Turns: 4357, Time: 00:08:15

Health: -1/55      AC: 14    Str: 16      XL:     7   Next: 1%
Magic:  9/9        EV:  5    Int: 14      God:    Lugonu [***...]
Gold:   169        SH:  0    Dex: 14 (17) Spells: 0 memorised, 6 levels left

rFire  + . .     SeeInvis .     d - +3 hand axe (flame)
rCold  + . .     Clarity  +     n - +0 plate armour
rNeg   . . .     SustAt   .     (no shield)
rPois  +         Gourm    .     (helmet restricted)
rElec  +         Spirit   .     (no cloak)
rCorr  +         Warding  .     (no gloves)
rMut   .         Stasis   .     p - +0 pair of boots
MR     .....                    (no amulet)
Stlth  ..........               (no ring)
                                u - +3 ring of dexterity

@: resistant, flying, not resistant to hostile enchantments, extremely
unstealthy
A: antennae 2, icy blue scales 1, agile 1, clarity, demonic guardian 1,
nightstalker 1, strong 1
a: Depart the Abyss, Bend Space, Banish, Renounce Religion


You were on level 4 of the Dungeon.
You worshipped Lugonu.
Lugonu was most pleased with you.
You were near starving.

You visited 1 branch of the dungeon, and saw 4 of its levels.
You visited the Abyss 1 time.

You collected 169 gold pieces.

Inventory:

Hand Weapons
 d - a +3 hand axe of flaming (weapon)
Missiles
 s - 2 tomahawks (quivered)
Armour
 n - a +0 plate armour (worn)
 p - a +0 pair of boots (worn)
Jewellery
 u - a +3 ring of dexterity (left hand)
Scrolls
 b - 6 scrolls of identify
 e - a scroll of magic mapping {unknown}
 h - 3 scrolls of remove curse
Potions
 v - a potion of agility
Comestibles
 c - 3 bread rations
 f - 2 meat rations
 q - 2 slices of pizza


   Skills:
 + Level 4.6 Fighting
 + Level 3.2 Axes
 * Level 5.0 Armour
 + Level 1.5 Dodging
 + Level 1.0 Stealth
 + Level 2.8 Invocations


You had 6 spell levels left.
You didn't know any spells.

Dungeon Overview and Level Annotations

Branches:
Dungeon (4/15)
 Temple: D:4-7

Altars:
Ru
Vehumet

Annotations:
D:4 Dowan


Innate Abilities, Weirdness & Mutations

You have a pair of antennae on your head.
You are partially covered in icy blue scales (AC +1).
A weak demonic guardian rushes to your aid.
You are slightly more attuned to the shadows.
You are agile. (Dex +2)
You possess an exceptional clarity of mind.
Your muscles are strong. (Str +2)


Message History

You feel clumsy.
Dowan gestures wildly while chanting.
Dowan blinks!
Drink which item? (? for menu, Esc to quit)
It was a potion of flight.
You feel very buoyant.
You fly up into the air.
Drink which item? (? for menu, Esc to quit)
It was a potion of mutation.
You feel extremely strange.
You feel agile.
Your thoughts seem clearer.
You feel stronger. Dowan hits you but does no damage.
Drink which item? (? for menu, Esc to quit)
It was a potion of resistance.
You feel protected.
You are no longer glowing.
Dowan casts a spell.
Dowan blinks!
Dowan opens the door.
Dowan casts a spell at you. The stone arrow hits you!
You die...

>.#.
...#+#####
#........#
+........#
#....?...#
#.e......#
##.##'#'#####.
..............
###.#.#@#####.
#.#.# #.#.#
#.#.# ..#.#.#
.######.#.#
........#.#
........#.#
#######.#.#


You could see Dowan.

Vanquished Creatures
  Edmund (D:4)
  Duvessa (D:4)
  A jelly (D:4)
  Terence (D:2)
  7 adders
  An ooze (D:3)
  4 worms
  4 giant geckos
  6 orcs (D:3)
  2 ball pythons (D:2)
  2 giant cockroaches
  7 hobgoblins
  10 kobolds
  A quokka (D:2)
  9 bats
  4 giant newts
  5 goblins
  9 jackals
  6 rats
81 creatures vanquished.

Vanquished Creatures (collateral kills)
  Sigmund (D:4)
1 creature vanquished.

Vanquished Creatures (others)
  A kobold (D:2)
1 creature vanquished.

Grand Total: 83 creatures vanquished

Notes
Turn   | Place    | Note
--------------------------------------------------------------
     0 | Abyss:1  | Gargoyl the Demonspawn Abyssal Knight began the quest for the Orb.
     0 | Abyss:1  | Reached XP level 1. HP: 18/18 MP: 2/2
    52 | Abyss:1  | Noticed an apocalypse crab
    53 | Abyss:1  | Noticed a large abomination
    79 | Abyss:1  | Noticed a hellwing
   101 | Abyss:1  | Noticed a worldbinder
   106 | Abyss:1  | Noticed a jumping spider
   106 | Abyss:1  | Noticed a spider
   108 | D:1      | Escaped the Abyss
   477 | D:1      | Reached skill level 1 in Dodging
   477 | D:1      | Gained mutation: A weak demonic guardian rushes to your aid. [demonic ancestry]
   477 | D:1      | Reached XP level 2. HP: 13/24 MP: 3/3
  1384 | D:2      | Reached * piety under Lugonu
  1384 | D:2      | Reached XP level 3. HP: 21/29 MP: 5/5
  1520 | D:2      | Found a radiant altar of Vehumet.
  1572 | D:2      | Noticed Terence
  1609 | D:2      | Killed Terence
  1921 | D:2      | Gained mutation: You have a pair of small antennae on your head. [demonic ancestry]
  1921 | D:2      | Reached XP level 4. HP: 28/35 MP: 6/6
  2309 | D:2      | Found a sacrificial altar of Ru.
  2600 | D:2      | Reached ** piety under Lugonu
  3109 | D:3      | Gained mutation: You are partially covered in icy blue scales (AC +1). [demonic ancestry]
  3109 | D:3      | Reached XP level 5. HP: 42/42 MP: 7/7
  3934 | D:4      | Noticed Sigmund
  3958 | D:4      | Killed Sigmund
  3958 | D:4      | Reached skill level 4 in Fighting
  3958 | D:4      | Gained mutation: You are slightly more attuned to the shadows. [demonic ancestry]
  3958 | D:4      | Reached XP level 6. HP: 14/48 MP: 8/8
  4245 | D:4      | Noticed Edmund
  4262 | D:4      | Killed Edmund
  4262 | D:4      | Reached *** piety under Lugonu
  4262 | D:4      | Reached skill level 1 in Stealth
  4326 | D:4      | Noticed Duvessa
  4326 | D:4      | Noticed Dowan
  4344 | D:4      | Killed Duvessa
  4344 | D:4      | Reached skill level 5 in Armour
  4344 | D:4      | Gained mutation: You have a pair of antennae on your head. [demonic ancestry]
  4344 | D:4      | Reached XP level 7. HP: 17/55 MP: 9/9
  4354 | D:4      | Gained mutation: You are agile. (Dex +2) [potion of mutation]
  4354 | D:4      | Gained mutation: You possess an exceptional clarity of mind. [potion of mutation]
  4354 | D:4      | Gained mutation: Your muscles are strong. (Str +2) [potion of mutation]
  4357 | D:4      | Killed from afar by Dowan

Action                   |  1- 3 |  4- 6 |  7- 9 || total
-------------------------+-------+-------+-------++-------
Melee: Hand axe          |   125 |   211 |     5 ||   341
Invok: Depart the Abyss  |     1 |       |       ||     1
  Use: Potion            |     2 |       |     5 ||     7
       Scroll            |       |    10 |       ||    10
 Stab: Invisible         |       |     1 |       ||     1
       Paralysed         |       |     1 |       ||     1
       Distracted        |       |     2 |       ||     2
  Eat: Chunk             |     3 |     7 |       ||    10
